 Dungeon Crawl Stone Soup version 0.23.2-40-g277498a001 (webtiles) character file.

Game seed: 4646576139284236127

3202 H0rd4k the Slicer (level 10, -11/74 HPs)
             Began as a Human Artificer on Sept 3, 2019.
             Was an Initiate of Gozag.
             Mangled by Grum
             ... wielding a +0 spear
              (26 damage)
             ... on level 8 of the Dungeon.
             The game lasted 00:17:22 (6722 turns).

H0rd4k the Slicer (Human Artificer)                 Turns: 6722, Time: 00:17:23

Health: -11/74     AC:  9    Str: 15    XL:     10   Next: 17%
Magic:  13/13      EV: 12    Int: 18    God:    Gozag
Gold:   1396       SH:  0    Dex: 14    Spells: 9/9 levels left

rFire    + . .     SeeInvis .   v - +3 short sword (venom)
rCold    . . .     Gourm    .   (no shield)
rNeg     + . .     Faith    .   c - +0 scale mail {rF+}
rPois    .         Spirit   .   B - +0 helmet
rElec    .         Reflect  .   (no cloak)
rCorr    .         Harm     .   q - +0 pair of gloves
MR       .....                  (no boots)
Stlth    +.........             p - amulet of regeneration
HPRegen  0.62/turn              r - ring of positive energy
MPRegen  0.13/turn              y - +6 ring of intelligence

@: no status effects
A: no striking features
a: Potion Petition, Call Merchant, Bribe Branch, Renounce Religion


You were on level 8 of the Dungeon.
You worshipped Gozag.
Gozag was most pleased with you.
You were not hungry.

You visited 1 branch of the dungeon, and saw 8 of its levels.

You collected 1440 gold pieces.
You paid 44 gold pieces to Gozag.

Inventory:

Hand Weapons
 b - a +4 dagger of electrocution
 n - a +2 short sword of holy wrath
 v - a +3 short sword of venom (weapon)
 D - a +3 short sword
Missiles
 j - 8 javelins (quivered)
 u - 5 poisoned javelins
 F - 13 tomahawks
Armour
 c - a +0 scale mail of fire resistance (worn)
 q - a +0 pair of gloves (worn)
 B - a +0 helmet (worn)
Jewellery
 k - an uncursed ring of ice
 p - an amulet of regeneration (around neck)
 r - a ring of positive energy (left hand)
 y - a +6 ring of intelligence (right hand)
 G - an uncursed ring of ice
Wands
 d - a wand of enslavement (14)
 e - a wand of random effects (10)
Scrolls
 a - a scroll of brand weapon {unknown}
 g - 3 scrolls of remove curse
 i - 2 scrolls of amnesia
 m - 2 scrolls of fear
 x - a scroll of identify
 z - a scroll of torment {unknown}
 H - a scroll of enchant weapon
 I - a scroll of blinking {unknown}
Potions
 h - 3 potions of heal wounds
 l - 2 potions of might
 o - a potion of resistance
 s - a potion of flight {unknown}
 t - 3 potions of curing
 w - a potion of brilliance {unknown}
 A - 2 potions of lignification
 C - a potion of agility
 E - 2 potions of degeneration {unknown}
Comestibles
 f - 2 rations


   Skills:
 + Level 5.1 Fighting
 + Level 8.3 Short Blades
 + Level 3.3 Throwing
 + Level 5.1 Armour
 + Level 5.4 Dodging
 + Level 3.8 Stealth
 + Level 4.4 Evocations


You had 9 spell levels left.
You didn't know any spells.
Your spell library was empty.

Dungeon Overview and Level Annotations

Branches:
Dungeon (8/15)             Temple (0/1) D:5
   Lair: D:8-11

Altars:
Cheibriados
Gozag
Okawaru

Annotations:
D:5 exclusion: upstairs
D:6 1 runed translucent door, exclusions: downstairs and 1 more exclusion, Crazy Yiuf
D:8 Grum


Message History

You puncture Grum!
Grum looks as sick as possible!
Grum is moderately wounded.
Grum hits you with a +0 spear.
You barely miss Grum.
Grum is moderately wounded.
Grum hits you with a +0 spear.
You hit Grum but do no damage.
Grum is moderately wounded.
You hit Grum.
Grum is heavily wounded.
Grum barely misses you.
You hit Grum but do no damage.
Grum looks as sick as possible!
Grum is heavily wounded.
Grum hits you with a +0 spear!
* * * LOW HITPOINT WARNING * * *
You hit Grum.
Grum looks as sick as possible!
Grum is heavily wounded.
Grum hits you from afar with a +0 spear!!
You die...
Your body crumbles into a pile of gold.

#.........####^...#
....##.#..## #....# #
#.##.# ###.## #
#.##.## .# #. #.
###.##..## ..
#...#.##...........
.##
#..........####....#
#....##.########..###
.........$.g$@.......
#........#####...####
....####...#......#
... ###.........# ..
#........... .
#...........
.............
...............
..........h....


You could see Grum.

Vanquished Creatures
  Pikel (D:4)
  Sigmund (D:4)
  A water moccasin (D:7)
  3 orc warriors
  A phantom (D:4)
  3 ogres
  A centaur (D:7)
  3 wolves (D:8)
  3 bullfrogs
  A scorpion (D:7)
  4 wights (D:3)
  2 howler monkeys (D:4)
  4 crimson imps
  A centaur zombie (D:6)
  A jelly (D:6)
  3 hounds
  2 orc priests (D:4)
  Jessica (D:3)
  3 orc wizards
  Natasha (thrice) (D:2)
  6 worker ants
  A killer bee zombie (D:4)
  A hound skeleton (D:6)
  Robin (D:2)
  4 gnolls
  12 adders
  A shadow imp (D:8)
  An adder skeleton (D:7)
  3 worms (D:3)
  3 dart slugs
  5 leopard geckos
  24 orcs
  11 bats
  10 giant cockroaches
  8 goblins
  17 hobgoblins
  21 jackals
  12 kobolds
  6 quokkas
  9 frilled lizards
  A jackal skeleton (D:4)
  A leopard gecko skeleton (D:4)
  A leopard gecko zombie (D:7)
  17 rats
218 creatures vanquished.

Vanquished Creatures (collateral kills)
  An orc wizard (D:5)
  A leopard gecko (D:5)
  2 orcs (D:5)
4 creatures vanquished.

Vanquished Creatures (others)
  An iguana (D:4)
  An orc (D:4)
2 creatures vanquished.

Grand Total: 224 creatures vanquished

Notes
Turn   | Place    | Note
-------+----------+-------------------------------------------
     0 | D:1      | H0rd4k the Human Artificer began the quest for the Orb.
     0 | D:1      | Reached XP level 1. HP: 15/15 MP: 3/3
    38 | D:1      | Reached XP level 2. HP: 6/21 MP: 4/4
   420 | D:1      | Reached XP level 3. HP: 21/26 MP: 5/5
   666 | D:1      | Reached skill level 2 in Short Blades
  1224 | D:1      | Reached XP level 4. HP: 27/32 MP: 6/6
  1623 | D:2      | Noticed Natasha
  1638 | D:2      | Killed Natasha
  1638 | D:2      | Reached skill level 1 in Throwing
  1638 | D:2      | Reached XP level 5. HP: 27/37 MP: 7/7
  1666 | D:2      | Found an opulent altar of Gozag.
  1671 | D:2      | Became a worshipper of Gozag Ym Sagoz the Greedy
  1830 | D:2      | Noticed Robin
  1877 | D:3      | Noticed Jessica
  1895 | D:3      | Reached skill level 3 in Short Blades
  1897 | D:3      | Killed Jessica
  1897 | D:3      | Reached skill level 1 in Armour
  2033 | D:2      | Noticed Natasha
  2052 | D:2      | Killed Natasha
  2157 | D:2      | Reached XP level 6. HP: 36/43 MP: 8/8
  2284 | D:2      | Killed Robin
  2393 | D:2      | Noticed Natasha
  2401 | D:2      | Killed Natasha
  2507 | D:3      | Found a snail-covered altar of Cheibriados.
  2822 | D:3      | Reached XP level 7. HP: 49/49 MP: 9/9
  2823 | D:3      | Found an iron altar of Okawaru.
  2887 | D:3      | Reached skill level 4 in Short Blades
  3223 | D:5      | Entered Level 5 of the Dungeon
  3302 | D:4      | Noticed Sigmund
  3361 | D:5      | Found a staircase to the Ecumenical Temple.
  3972 | D:5      | Reached XP level 8. HP: 36/57 MP: 10/10
  4225 | D:4      | Killed Sigmund
  4225 | D:4      | Reached skill level 5 in Short Blades
  4643 | D:4      | Noticed Pikel
  4668 | D:4      | Killed Pikel
  4668 | D:4      | Reached skill level 6 in Short Blades
  4668 | D:4      | Reached XP level 9. HP: 45/65 MP: 12/12
  5044 | D:6      | Reached skill level 7 in Short Blades
  5640 | D:6      | Found a runed translucent door.
  5641 | D:6      | Noticed Crazy Yiuf
  6047 | D:7      | Reached skill level 5 in Dodging
  6234 | D:7      | Reached skill level 8 in Short Blades
  6290 | D:7      | Reached XP level 10. HP: 71/73 MP: 13/13
  6675 | D:8      | Reached skill level 5 in Fighting
  6681 | D:8      | Reached skill level 5 in Armour
  6688 | D:8      | Noticed Grum
  6722 | D:8      | Mangled by Grum

Skill      XL: |  1  2  3  4  5  6  7  8  9 10 |
---------------+-------------------------------+-----
Short Blades   | 2 3 4 6 8 |  8.3
Throwing       | 1 2 3 |  3.3
Armour         | 1 2 3 4 5 |  5.1
Stealth        | 2 3 |  3.8
Fighting       | 2 4 5 |  5.1
Dodging        | 3 4 5 |  5.4
Evocations     | 4 |  4.4

Action                   |  1- 3 |  4- 6 |  7- 9 | 10-12 || total
-------------------------+-------+-------+-------+-------++-------
Melee: Short sword       |   131 |   236 |   429 |    82 ||   878
Throw: Javelin           |       |       |     6 |       ||     6
Evoke: Wand              |       |     9 |    12 |       ||    21
  Use: Scroll            |       |       |    13 |       ||    13
 Stab: Sleeping          |     5 |     5 |     1 |       ||    11
       Distracted        |       |     1 |     1 |     1 ||     3
       Paralysed         |       |       |     1 |       ||     1
  Eat: Chunk             |     1 |     2 |       |       ||     3
       Ration            |       |     1 |     3 |     1 ||     5
Armor: Leather armour    |    18 |    63 |    49 |       ||   130
       Scale mail        |       |       |    32 |    20 ||    52
Dodge: Dodged            |    94 |   128 |   178 |    35 ||   435
